 Dungeon Crawl Stone Soup version 0.20-a0-336-g7b05759 (webtiles) character file.

30 Da5id the Changer (level 3, 0/31 HPs)
             Began as a Naga Transmuter on Dec 21, 2016.
             Slain by an adder (3 damage)
             ... on level 1 of the Dungeon.
             The game lasted 00:02:41 (2945 turns).

Da5id the Changer (Naga Transmuter)                 Turns: 2945, Time: 00:02:41

Health: 0/31       AC:  2    Str: 12    XL:     3   Next: 18%
Magic:  6/6        EV: 10    Int: 14    God:
Gold:   41         SH:  0    Dex: 11    Spells: 2/6 levels left

rFire  . . .     SeeInvis +       - Unarmed
rCold  . . .     Gourm    .     b - +0 robe
rNeg   . . .     Faith    .     (no shield)
rPois  +         Spirit   .     (no helmet)
rElec  .         Reflect  .     (no cloak)
rCorr  .         Harm     .     (no gloves)
MR     .....                    (no barding)
Stlth  +.........               (no amulet)
                                (no ring)
                                (no ring)

@: lethally poisoned (0 -> -1), short of breath, appendage (expiring), very slow
A: horns 2, see invisible, deformed body, poison resistance, slowness 2, slow
metabolism 1, spit poison 1, AC +1
a: Spit Poison, End Transformation


You were on level 1 of the Dungeon.
You were not hungry.
You had grown temporary horns.
You visited 1 branch of the dungeon, and saw 1 of its levels.

You collected 41 gold pieces.

Inventory:

Missiles
 a - 52 arrows
Armour
 b - a +0 robe (worn)
 h - a +1 helmet
Scrolls
 d - a scroll of remove curse {unknown}
 e - 2 scrolls of recharging {unknown}
 f - a scroll of identify {unknown}
 g - a scroll of enchant armour {unknown}
Books
 c - a book of Changes

   Spells                             Type                      Level
   a - Beastly Appendage              Transmutation                1
   b - Sticks to Snakes               Transmutation                2
   c - Spider Form                    Transmutation/Poison         3
   d - Ice Form                       Ice/Transmutation            4
   e - Blade Hands                    Transmutation                5
Comestibles
 i - 3 fruits


   Skills:
 - Level 1.0 Fighting
 - Level 1.5 Dodging
 - Level 3.0 Unarmed Combat
 - Level 2.0 Spellcasting
 - Level 3.3 Transmutations
 + Level 1.1 Poison Magic


You had 2 spell levels left.
You knew the following spells:

 Your Spells              Type           Power        Failure   Level  Hunger
a - Beastly Appendage     Tmut           ##....       10%         1    ##.....
b - Spider Form           Tmut/Pois      #.........   30%         3    ####...


Dungeon Overview and Level Annotations

Branches:
Dungeon (1/15)

Altars:


Innate Abilities, Weirdness & Mutations

You cannot wear boots.
Your serpentine skin is tough. (AC +1)
You have supernaturally acute eyesight. (SInv)
Armour fits poorly on your strangely shaped body.
Your system is resistant to poisons. (rPois)
You cover ground very slowly.
You have a slow metabolism.
You can spit poison.
You have a pair of horns on your head.


Message History

You hit the adder.
The adder is almost dead.
You feel sick. The adder barely misses you.
You barely miss the adder. Your headbutt misses the adder.
The adder is almost dead.
The adder bites you.
* * * LOW HITPOINT WARNING * * *
The adder barely misses you.
You closely miss the adder.
The adder is almost dead.
The adder barely misses you.
You closely miss the adder. Your headbutt misses the adder.
The adder is almost dead.
The adder bites you.
* * * LOW HITPOINT WARNING * * *
Press: ? - help, Shift-Dir - straight line, f - adder
Aim: an adder (almost dead)
The splash of poison misses the adder.
You feel slightly more hungry.
You feel sick. The adder bites you.
You die...

....#.# #.#..##.##.##..#
##....# #.#..##.##.##..#
.)..#####........#.##..#
.#...>...........#.##..#
)#.########......#.##.[#
.#.# #.###..#.#...# .#.#
#.###..#..#..#
.#.########......S.###.##
.#...)..........#@## ##.#
###########..[..##.###.##
#.........#..#
###.####.....######## #.#
#............#
#)####....#######.#
#......#### #.# ########
########## ##..#...≈<#


You could see an adder.

Vanquished Creatures
  A leopard gecko (D:1)
  A goblin (D:1)
  5 hobgoblins (D:1)
  3 jackals (D:1)
  7 kobolds (D:1)
  4 bats (D:1)
  A frilled lizard (D:1)
  4 rats (D:1)
26 creatures vanquished.

Notes
Turn   | Place    | Note
-------+----------+-------------------------------------------
     0 | D:1      | Da5id the Naga Transmuter began the quest for the Orb.
     0 | D:1      | Reached XP level 1. HP: 18/18 MP: 3/3
   741 | D:1      | Reached XP level 2. HP: 13/25 MP: 3/5
  2248 | D:1      | Reached XP level 3. HP: 31/31 MP: 6/6
  2253 | D:1      | Learned a level 3 spell: Spider Form
  2532 | D:1      | Reached skill level 1 in Poison Magic
  2945 | D:1      | Slain by an adder

Vault maps used:
D:1:      lemuel_arrival_muddy

Skill      XL: |  1  2  3 |
---------------+----------+-----
Transmutations | 3 |  3.3
Poison Magic   | 1 |  1.1
Fighting       | |  1.0
Dodging        | |  1.5
Unarmed Combat | |  3.0
Spellcasting   | |  2.0

Action                   || total
-------------------------++-------
Melee: Unarmed           ||   115
       Headbutt          ||     6
       Punch             ||     1
 Cast: Beastly Appendage ||    12
 Abil: Spit Poison       ||     6
 Stab: Sleeping          ||     2
  Eat: Chunk             ||     1
       Bread ration      ||     1
Armor: Robe              ||    18
Dodge: Dodged            ||    80
